[Event "***Titled Tuesday 3|2 Blitz"]
[Site "Chess.com"]
[Date "2017.02.07"]
[Round "5"]
[White "Aguiar94"]
[Black "PaulfromSPb"]
[Result "1-0"]
[WhiteElo "2470"]
[BlackElo "2465"]
[TimeControl "180+2"]
[EndTime "14:14:52 PST"]
[Termination "Aguiar94 won by resignation"]

1. e4 c5 2. Nf3 a6 3. c3 e6 4. d4 d5 5. e5 f5 6. exf6 Nxf6 7. Bd3 Nc6 8. O-O Bd6 9. Re1 O-O 10.
Bg5 Bd7 11. a3 Qb6 12. dxc5 Bxc5 13. Qc2 h6 14. Bh4 Rae8 15. Bg3 e5 16. Bg6 Re7 17.
b4 Bd6 18. c4 dxc4 19. Qxc4+ Be6 20. Qc2 Bd5 21. Nbd2 Nd4 22. Nxd4 exd4 23. Nc4 Bxc4 24. Qxc4+ Kh8 25. Re6 Rd8 26. Rae1 Rxe6 27. Rxe6 d3 28. Qxd3 Bc7 29. Rxb6 Rxd3 30. Bxd3 Bxb6 31. Bf5 Bd4 32. Bc8 Ne4 33. Bxb7 Nxg3 34. hxg3 Bb2 35. a4 Ba3 36. Bxa6 Bxb4 37. Bc4 g5 38. g4 Bc5 39. Kf1 Kg7 40.
a5 Kf6 41. a6 Ke5 42. Ke2 Ba7 43. g3 Bb6 44. f3 Kd4 45. Bd3 Ke5 46. Bb5 Ba7 47. Kd3 Bf2 48. Kc4 Bg1 49. Be8 Be3 50. Bd7 Kd6 51. Bf5 Bf2 52. Kb5 Kc7 53. Be4 Be3 54. f4 Kd6 55. f5 Bf2 56. Kc4 Ke5 57. Bh1 Ba7 58. Kb5 Kd6 59. f6 Ke6 60. Kc6 Kxf6 61.
Kb7 Be3 62. Bc6 Ke5 63. a7 Bxa7 64. Kxa7 Kd4 65. Be8 Ke3 66. Kb7 Kf3 67. Bh5 Kxg3 68. Kc6 Kf4 69. Kd6 Ke4 70. Ke6 Kd4 71. Kf6 Kd5 72.
Kg6 Ke6 73. Kxh6 Kf6 74. Be8 Ke7 75. Ba4 Kf6 76. Bc2 Kf7 77. Kxg5 Kg7 1-0

[Event "***Titled Tuesday 3|2 Blitz"]
[Site "Chess.com"]
[Date "2017.02.07"]
[Round "5"]
[White "ChristopherYoo"]
[Black "MattyDPerrine"]
[Result "1-0"]
[WhiteElo "2107"]
[BlackElo "2175"]
[TimeControl "180+2"]
[EndTime "14:15:00 PST"]
[Termination "ChristopherYoo won by resignation"]

1. e4 c5 2. Nf3 e6 3. d4 cxd4 4.
Nxd4 Nc6 5. Nc3 Qc7 6. Be3 a6 7. Qd2 Nf6 8. f3 Bb4 9. O-O-O Ne7 10. a3 Bxc3 11. Qxc3 Qxc3 12. bxc3 d5 13. e5 Nd7 14. f4 O-O 15. Bd3 Nc5 16. g4 Bd7 17. Kd2 Rac8 18. Rb1 Rc7 19. Ne2 Ne4+ 20. Ke1 b5 21. Bd4 Rfc8 22. Rb3 Nc6 23. Ng3 Na5 24. Nxe4 dxe4 25. Bxe4 Nxb3 26. cxb3 Bc6 27. Bxc6 Rxc6 28.
Kd2 Kf8 29. Kd3 Ke7 30. b4 f6 31. Ra1 Kf7 32. a4 R8c7 33. axb5 axb5 34. Ra5 Rb7 35. Ra8 Rcc7 36. h4 Rd7 37. Ke4 Rbc7 38. Ra6 Rb7 39. Rc6 Rbc7 40. Rb6 Rb7 41. Ra6 h5 42. g5 fxg5 43. fxg5 Re7 44. Bc5 Re8 45. Rc6 Kg6 46. Rd6 Kf7 47. Rc6 Kg6 48. Rd6 Rc7 49. Rb6 Rd7 50. Rxb5 Rd1 51. Rb6 Rh1 52.
Bf2 Rh2 53. Bg3 Rc2 54. Rc6 Rd8 55. Rxe6+ Kf7 56. Rc6 Re2+ 57. Kf5 g6+ 58. Rxg6 Rd3 59. Rf6+ Ke7 60. Bf4 Rxc3 61. g6 Rg2 62. Bg5 Rf3+ 63.
Ke4 Rxf6 64. exf6+ Ke6 65. f7 Rf2 66. Bh6 1-0

[Event "***Titled Tuesday 3|2 Blitz"]
[Site "Chess.com"]
[Date "2017.02.07"]
[Round "5"]
[White "oggy1984"]
[Black "RoelandPruijssers"]
[Result "0-1"]
[WhiteElo "2328"]
[BlackElo "2485"]
[TimeControl "180+2"]
[EndTime "14:15:02 PST"]
[Termination "RoelandPruijssers won by resignation"]

1. e4 e5 2. Nf3 Nc6 3. Bb5 a6 4. Ba4 Nf6 5. d3 b5 6. Bb3 Be7 7. Nc3 O-O 8. O-O d6 9. a3 Na5 10. Ba2 Be6 11. Nd5 Nxd5 12. exd5 Bg4 13. h3 Bh5 14. g4 Bg6 15. Bd2 Nb7 16. Nh2 f5 17. f4 exf4 18. Bxf4 Nc5 19. Be3 Kh8 20. Qd2 Qd7 21.
Bd4 Bh4 22. Nf3 Bg3 23. Ng5 fxg4 24. Ne6 Rxf1+ 25. Rxf1 Nxe6 26. dxe6 Qe7 27. Qg2 Rf8 28. Qxg3 Rxf1+ 29. Kxf1 gxh3 30. Qxh3 c6 31. Qf3 d5 32.
Qf4 h5 33. Qh6+ Bh7 34. Qxh5 Qxe6 35. Qh4 Qf7+ 36. Qf2 Qe7 37. Bb3 Kg8 38. Qe3 Qf7+ 39. Qf2 Qe6 40. a4 Bf5 41. Bc5 Bh3+ 42. Kg1 bxa4 43.
Bxa4 Bg4 44. c4 dxc4 45. dxc4 Be2 46. Bb3 Qg6+ 47. Kh2 Qh5+ 48. Kg2 Qg5+ 49. Kh2 Qh5+ 50.
Kg1 Qg5+ 51. Qg2 Qxc5+ 52. Qf2 Qg5+ 53. Qg2 Qe3+ 54. Qf2 Qc1+ 55. Kh2 Bxc4 56. Bxc4+ Qxc4 57. Qb6 Kh7 58. Qb7 Qf4+ 59. Kg2 Qe4+ 60. Kh2 a5 61. Qb6 a4 62. Qb7 Qe5+ 63. Kg1 Qd4+ 64. Kg2 Qe4+ 65. Kh2 Qc2+ 66. Kg3 Qd3+ 67. Kh4 Qc4+ 68. Kg3 Qb3+ 0-1

[Event "***Titled Tuesday 3|2 Blitz"]
[Site "Chess.com"]
[Date "2017.02.07"]
[Round "5"]
[White "Incognito_Knight"]
[Black "Ilja_Semjonovs"]
[Result "1/2-1/2"]
[WhiteElo "2291"]
[BlackElo "2182"]
[TimeControl "180+2"]
[EndTime "14:15:19 PST"]
[Termination "Game drawn by agreement"]

1. e4 c5 2. Nf3 d6 3. d4 cxd4 4.
Nxd4 Nf6 5. f3 e5 6. Nb3 d5 7. Bg5 Be6 8. Bxf6 gxf6 9. exd5 Qxd5 10. Qxd5 Bxd5 11. Nc3 Bb4 12. O-O-O Bxb3 13. axb3 Bxc3 14. bxc3 Nc6 15. Bc4 Ke7 16. f4 exf4 17. Rhf1 Rhg8 18. Bd5 Rad8 19. Rxf4 Rg5 20. c4 Rd7 21. Rdf1 Rd6 22.
h4 Re5 23. Kb2 b6 24. Kc3 a5 25. Bxc6 Rxc6 26. R1f3 Rce6 27. Rg3 Re3+ 28. Rxe3 Rxe3+ 29. Kd4 Rg3 30. Rf2 Rg4+ 31. Kd5 a4 32. bxa4 Rxh4 33. c3 Rg4 34. Rb2 Kd7 35. Rxb6 Rg5+ 36. Kd4 Rg4+ 37. Kd3 Rg3+ 38. Ke4 Rg4+ 39. Kf3 Rxc4 40. Rxf6 Rxc3+ 41. Kf2 Ke7 42. Ra6 Ra3 43. Ke2 Ra2+ 44. Kf3 h5 45.
g3 Ra3+ 46. Kf4 Kd7 47. a5 Ke7 48. Ra7+ Kf6 49. Ra6+ Ke7 50. Ra7+ Kf6 51. a6 Ra4+ 52. Kf3 Ra3+ 53. Kg2 Ra2+ 54. Kh3 Ra4 55. Ra8 Ke7 56. a7 Kf6 57. Kg2 Ra3 58. Kf2 Ra4 59. Ke3 Ra3+ 60.
Ke4 Ra4+ 61. Kd5 Ra1 62. Kd6 Ra2 63. Kd7 Ra1 64. Ke8 Ra2 65. Kf8 Ra1 66. Kg8 Kg6 67.
Kh8 Kh6 68. Kg8 Kg6 69. Kf8 Kf6 70. Ke8 Ra2 71. Kd7 Ra3 72. Kc6 Ra1 73. Kb6 Rb1+ 74.
Kc5 Ra1 75. Kd4 Ra4+ 76. Ke3 Ra3+ 77. Kf2 Ra6 78. Kg2 Ra4 79. Kh3 Ke7 80. Kg2 Kf6 81.
Kf3 Ra3+ 82. Kg2 Ra4 83. Kh3 Ke7 84. Kg2 1/2-1/2

[Event "***Titled Tuesday 3|2 Blitz"]
[Site "Chess.com"]
[Date "2017.02.07"]
[Round "5"]
[White "DrVelja"]
[Black "Grebeniuk-S"]
[Result "0-1"]
[WhiteElo "2504"]
[BlackElo "2448"]
[TimeControl "180+2"]
[EndTime "14:15:38 PST"]
[Termination "Grebeniuk-S won by resignation"]

1. e4 d5 2. exd5 Qxd5 3. Nc3 Qa5 4. g3 c6 5. Bg2 Nf6 6. h3 e5 7. d3 Be6 8. Nf3 Nbd7 9. O-O h6 10. d4 O-O-O 11. Bd2 Qc7 12. Qe2 Bd6 13. Be3 Kb8 14.
Rfe1 Rhe8 15. Rad1 g5 16. dxe5 Nxe5 17. Rxd6 Nxf3+ 18.
Qxf3 Rxd6 19. Qxf6 Bxh3 20. Qg7 Bxg2 21. Kxg2 Rde6 22.
Rd1 b6 23. a4 f5 24. Qd4 Qe5 25. Qxe5+ Rxe5 26. Rd6 R5e6 27. Rd7 R6e7 28. Rd6 Re6 29. Rd7 R6e7 30. Rd2 Kb7 31. Ne2 c5 32. Nc3 Kc6 33. Nb5 Rd7 34. Rxd7 Kxd7 35. Nxa7 Ra8 36. Nb5 Rxa4 37.
Nc3 Ra1 38. Nd5 Ra6 39. Kf3 Kd6 40. Nc3 Ra1 41. Ke2 Kc6 42. Nd1 b5 43. Bd2 Ra8 44.
Ne3 Re8 45. Kf3 Rf8 46. Bc3 f4 47. Ng4 fxg3+ 48. Kxg3 h5 49. Nf6 b4 50. Be5 Rd8 51.
Nxh5 Rd2 52. f3 Rxc2 53. Kg4 Kd5 54. Bg7 Rg2+ 55. Kf5 Kc4 56. Bf6 Kb3 57. Be7 c4 58. Nf6 Rxb2 59. Kxg5 Rg2+ 60. Kf4 c3 61. Bc5 c2 62.
Be3 Rg1 63. Bxg1 c1=Q+ 64. Be3 Qc7+ 65. Kf5 Ka2 66. Nd5 Qf7+ 67. Ke4 b3 68. Nc3+ Ka3 69. Bc5+ Kb2 70. Bd4 Kc2 71. Nd5 b2 72. Ne3+ Kb3 73. Bxb2 Kxb2 74. f4 Qe6+ 75. Kf3 Kc3 76. f5 Qc6+ 77.
Kf4 Kd3 78. Ng4 Kd4 79. f6 Qe6 80. Kg5 Ke4 81. Nh6 Ke5 82. f7 Qf6+ 83. Kh5 Ke6 0-1

[Event "***Titled Tuesday 3|2 Blitz"]
[Site "Chess.com"]
[Date "2017.02.07"]
[Round "5"]
[White "SavelijTartakover"]
[Black "IM_Michal_Luch"]
[Result "1-0"]
[WhiteElo "2530"]
[BlackElo "2385"]
[TimeControl "180+2"]
[EndTime "14:16:13 PST"]
[Termination "SavelijTartakover won by resignation"]

1. d4 Nf6 2. c4 e6 3. Nf3 d5 4.
Bg5 Be7 5. e3 O-O 6. Nc3 h6 7.
Bxf6 Bxf6 8. Qc2 b6 9. h4 Bb7 10. cxd5 exd5 11. g4 g6 12. O-O-O Bg7 13. g5 h5 14. Ne5 c5 15. f4 cxd4 16. exd4 Nc6 17. Bg2 Ne7 18. Kb1 Rc8 19. Qd3 a6 20. Bh3 b5 21.
Bxc8 Qxc8 22. Rc1 Qd8 23. Ne2 Bc8 24. Ng3 Nf5 25. Rhe1 Nxh4 26. Nc6 Qd7 27. Ne7+ Kh7 28. Nxh5 Nf5 29. Nf6+ Bxf6 30. gxf6 Nxe7 31. fxe7 Re8 32. Ka1 Kg7 33. Qe3 f6 34. Rc5 Qf5 35. a3 Kf7 36.
Rc7 Qg4 37. Rc6 Bf5 38. Rxa6 Be4 39. Ra7 Qg2 40. Qc1 Qf2 41. Rd1 Qf3 42. Qd2 Qb3 43. Rc1 Rxe7 44. Rxe7+ Kxe7 45. Qb4+ Qxb4 46. axb4 g5 47.
fxg5 fxg5 48. Rg1 Kf6 49. b3 Kf5 50. Kb2 Kf4 51. Kc3 g4 52. Kd2 Kf3 53. Rf1+ Kg2 54.
Rf6 g3 55. Ke3 Kh3 56. Rh6+ Kg4 57. Rb6 g2 58. Kf2 Kh3 59. Kg1 Bd3 60. Rd6 Be4 61.
Rb6 Bd3 62. Rb8 Be2 63. Rh8+ Kg3 64. Rg8+ Bg4 65. Rd8 Bf3 66. Rb8 Be2 67. Rb7 Kf3 68. Rg7 Bf1 69. Re7 Bd3 70. Re5 Be4 71. Re8 Ke3 72.
Rb8 Bd3 73. Kxg2 Kxd4 74. Rc8 Ke3 75. Re8+ Kd2 76. Kf2 d4 77. Rc8 Bc2 78. Rc5 Bd3 79. Kf3 Bc2 80. Rxb5 d3 81. Rb8 Bxb3 82. b5 Ke1 83. Re8+ Kf1 84. Ke3 Bc4 85. b6 Ba6 86. Kd2 Kf2 87. Re7 Kf3 88. b7 1-0

[Event "***Titled Tuesday 3|2 Blitz"]
[Site "Chess.com"]
[Date "2017.02.07"]
[Round "5"]
[White "Mornar1951"]
[Black "GMHess"]
[Result "0-1"]
[WhiteElo "2556"]
[BlackElo "2594"]
[TimeControl "180+2"]
[EndTime "14:16:15 PST"]
[Termination "GMHess won by resignation"]

1. d4 Nf6 2. c4 e6 3. Nf3 d5 4. g3 dxc4 5. Qa4+ Bd7 6. Qxc4 Bc6 7.
Bg2 Be7 8. Nc3 O-O 9. O-O a6 10. Qd3 Nbd7 11. Re1 b5 12. Bg5 b4 13. Nd1 h6 14.
Bxf6 Bxf6 15. Ng5 hxg5 16. Bxc6 Rb8 17. Ne3 Rb6 18. Rac1 Nb8 19. Be4 Rd6 20. d5 Bxb2 21. Nc4 exd5 22. Bh7+ Kh8 23. Nxd6 Qxd6 24. Rcd1 Bc3 25.
Rf1 g6 26. Bxg6 fxg6 27. Qxd5 Qxd5 28. Rxd5 Nc6 29. Rxg5 Nd4 30. Rxg6 Rf6 31. Rg4 Nxe2+ 32. Kg2 c5 33. Rd1 Bd4 34. f4 Nc3 35. Re1 Nd5 36. Kf3 Kh7 37. Re8 Rg6 38. Rh4+ Rh6 39. Rxh6+ Kxh6 40. Re6+ Kg7 41. Rxa6 Nc3 42. g4 Kf7 43. g5 c4 44. f5 b3 45. axb3 cxb3 46. g6+ Kg7 47. Rd6 b2 48. Rd7+ Kh6 49. Kg4 Bg7 50. Rd3 Bf6 51. Rd7 Bg7 52. Rd3 Bd4 53.
Rh3+ Kg7 54. Rh7+ Kg8 55. Rb7 b1=Q 56. Rxb1 Nxb1 57. h4 Kg7 58. Kg5 Bf6+ 59. Kg4 Nd2 60. h5 Kh6 61. Kf4 Kxh5 62. Ke3 Nc4+ 63. Ke4 Kg5 64.
Kd5 Ne3+ 65. Ke6 Nxf5 66. Kf7 Ba1 67. g7 Bxg7 68. Ke6 Kg6 69. Kd5 Kf6 70. Ke4 Bh6 71. Kd5 Bg5 72. Ke4 Ke6 73. Kf3 Ke5 74. Kg4 Bd2 75.
Kf3 Nd4+ 76. Kg4 Kf6 77. Kg3 Kf5 78. Kh3 Kf4 79. Kh4 Nf5+ 80. Kh3 Be3 81. Kg2 Kg4 82. Kh2 Nh4 83. Kh1 Bf4 84. Kg1 Kf3 85. Kh1 Nf5 86. Kg1 Ng3 87. Kh2 Be3 88. Kh3 Bg1 89. Kh4 Ne4 90. Kh3 Ng5+ 91. Kh4 Kf4 92. Kh5 Kf5 93. Kh4 Bf2+ 94. Kh5 Be1 95. Kh6 Ne6 96. Kh5 Ng7+ 97.
Kh6 Kf6 98. Kh7 Bd2 99. Kg8 Kg6 100. Kf8 Bb4+ 101. Kg8 Nf5 102. Kh8 Ba3 103. Kg8 Nh6+ 0-1

[Event "***Titled Tuesday 3|2 Blitz"]
[Site "Chess.com"]
[Date "2017.02.07"]
[Round "5"]
[White "twitchTriniCupid"]
[Black "MFBerna"]
[Result "1/2-1/2"]
[WhiteElo "2130"]
[BlackElo "2247"]
[TimeControl "180+2"]
[EndTime "14:16:25 PST"]
[Termination "Game drawn by repetition"]

1. d4 d5 2. c4 e6 3. Nc3 Be7 4.
cxd5 exd5 5. Bf4 c6 6. e3 Bf5 7. Bd3 Bxd3 8. Qxd3 Nf6 9. Nge2 Nbd7 10. O-O O-O 11.
h3 Re8 12. Rfd1 Nf8 13. a3 a5 14. Rab1 Ne6 15. Be5 Nd7 16. Bg3 Nb6 17. Rdc1 Bd6 18. b4 axb4 19. axb4 Nc4 20. b5 Ra3 21. bxc6 bxc6 22. Rb7 Bxg3 23. Nxg3 g6 24. Rcb1 Qa5 25. Nge2 Ng5 26. Qc2 Ra1 27. Rxa1 Qxa1+ 28. Rb1 Qa5 29. Qb3 Qd8 30. Qb7 Qf6 31. Nf4 Nxe3 32. fxe3 Rxe3 33. Ncxd5 cxd5 34. Nxd5 Qxd4 35. Nxe3 Qxe3+ 36. Kh1 Ne4 37. Qb8+ Kg7 38. Qb2+ f6 39. Qc1 Nf2+ 40. Kh2 Qe5+ 41. Kg1 Ne4 42. Qe3 f5 43. Rb7+ Kf6 44. Rb6+ Kg7 45. Rb1 Qd5 46. Rc1 Kf6 47. Re1 Qe5 48.
Rd1 Kg7 49. Qd4 Qxd4+ 50. Rxd4 Kf6 51. Kf1 Ng3+ 52. Kf2 Ne4+ 53. Ke3 Ke5 54. Rd7 h5 55. Re7+ Kf6 56. Ra7 Kg5 57. Kf3 Nd2+ 58. Ke3 Ne4 59. Ra6 h4 60. Kf3 Nd2+ 61. Ke3 Ne4 62. Rc6 Ng3 63.
Re6 Nh5 64. Kf3 Ng3 65. Re8 Nf1 66. Rh8 Nd2+ 67. Ke3 Ne4 68. Re8 Ng3 69. Re7 Nh5 70. Kf3 Ng3 71. Ra7 Ne4 72. Ra4 Nd2+ 73. Ke3 Nf1+ 74. Kf2 Ng3 75. Rb4 Ne4+ 76. Ke3 Ng3 77.
Rd4 Nf1+ 78. Kf2 Ng3 79. Kf3 Nf1 80. Kf2 Ng3 81. Rb4 Ne4+ 82. Ke3 Ng3 83. Kf2 1/2-1/2

[Event "***Titled Tuesday 3|2 Blitz"]
[Site "Chess.com"]
[Date "2017.02.07"]
[Round "6"]
[White "Konavets"]
[Black "mrkvoz"]
[Result "1-0"]
[WhiteElo "2558"]
[BlackElo "2606"]
[TimeControl "180+2"]
[EndTime "14:19:28 PST"]
[Termination "Konavets won by checkmate"]

1. e4 d6 2. d4 Nf6 3. Nc3 e5 4.
Nf3 Nbd7 5. Bc4 Be7 6. O-O Nb6 7. Be2 exd4 8. Nxd4 O-O 9. a4 a5 10. b3 Re8 11.
Bb2 Bf8 12. Qd3 Nbd7 13. f3 Nc5 14. Qd2 d5 15. exd5 Nxd5 16. Nxd5 Qxd5 17. Bc4 Qh5 18. Nb5 Na6 19. Rae1 Rxe1 20. Rxe1 c6 21. Re8 cxb5 22. Rxf8+ Kxf8 23. Qd8# 1-0

[Event "***Titled Tuesday 3|2 Blitz"]
[Site "Chess.com"]
[Date "2017.02.07"]
[Round "6"]
[White "EltajSafarli"]
[Black "E-Shaposhnikov"]
[Result "1-0"]
[WhiteElo "2847"]
[BlackElo "2754"]
[TimeControl "180+2"]
[EndTime "14:20:49 PST"]
[Termination "EltajSafarli won by resignation"]

1. e4 c5 2. Nf3 e6 3. Nc3 a6 4. g3 Nc6 5. Bg2 Nf6 6. d4 cxd4 7.
Nxd4 Qc7 8. O-O d6 9. Re1 Rb8 10. Nxc6 bxc6 11. e5 dxe5 12. Rxe5 Bd6 13. Re1 O-O 14.
b3 Bb7 15. Bb2 c5 16. Bxb7 Rxb7 17. Ne4 Nxe4 18. Rxe4 Rd8 19. Qe2 Qc6 20. Rg4 Bf8 21. Bf6 Rd5 22. Rxg7+ Bxg7 23. Qg4 1-0

[Event "***Titled Tuesday 3|2 Blitz"]
[Site "Chess.com"]
[Date "2017.02.07"]
[Round "6"]
[White "Divertissement"]
[Black "Jahonas"]
[Result "1-0"]
[WhiteElo "2441"]
[BlackElo "2142"]
[TimeControl "180+2"]
[EndTime "14:21:20 PST"]
[Termination "Divertissement won by resignation"]

1. d4 Nf6 2. Nf3 g6 3. Bg5 Bg7 4. Nbd2 d5 5. e3 c6 6. Be2 h6 7.
Bh4 Bf5 8. O-O O-O 9. c4 Nbd7 10. Qb3 dxc4 11. Nxc4 Nb6 12. Na5 Be6 13. Qa3 g5 14. Bg3 Nfd5 15. Nxb7 Qc8 16. Nc5 f5 17. Be5 g4 18. Nd2 Bxe5 19. dxe5 Kg7 20. Ndb3 a5 21.
Nd4 Bg8 22. e6 Nb4 23. Qc3 Kg6 24. e4 fxe4 25. Bxg4 N6d5 26. Qg3 1-0

[Event "***Titled Tuesday 3|2 Blitz"]
[Site "Chess.com"]
[Date "2017.02.07"]
[Round "6"]
[White "MagnusCarlsen"]
[Black "Aguiar94"]
[Result "1-0"]
[WhiteElo "2990"]
[BlackElo "2469"]
[TimeControl "180+2"]
[EndTime "14:21:25 PST"]
[Termination "MagnusCarlsen won by resignation"]

1. d4 Nf6 2. Bf4 d5 3. e3 c5 4.
c3 Nc6 5. Nd2 e6 6. Ngf3 Bd6 7.
Bg3 O-O 8. Bb5 a6 9. Bxc6 bxc6 10. Qa4 Bb7 11. Bxd6 Qxd6 12. Qa3 Nd7 13. Nb3 a5 14. O-O a4 15. Nxc5 Nxc5 16. dxc5 Qc7 17. Rfd1 e5 18. c4 dxc4 19. Qc3 Rfe8 20. Qxc4 Re6 21. Rd2 a3 22. bxa3 Qa5 23. Rad1 Rae8 24. Qb4 Qa8 25. Rd7 Ba6 26.
Ng5 Rf6 27. Qb6 1-0

[Event "***Titled Tuesday 3|2 Blitz"]
[Site "Chess.com"]
[Date "2017.02.07"]
[Round "6"]
[White "Cecile_Haussernot"]
[Black "Rating-Schmating"]
[Result "0-1"]
[WhiteElo "2264"]
[BlackElo "2282"]
[TimeControl "180+2"]
[EndTime "14:22:06 PST"]
[Termination "Rating-Schmating won by resignation"]

1. e4 e6 2. d4 d5 3. Nc3 Bb4 4.
Ne2 dxe4 5. a3 Bxc3+ 6. Nxc3 f5 7. Bc4 Nf6 8. Bg5 c6 9. Qd2 Qe7 10. O-O-O Nbd7 11. f3 h6 12. fxe4 hxg5 13. exf5 Nb6 14.
Bxe6 Bxe6 15. Rde1 O-O-O 16. Rxe6 Qd7 17. Qxg5 Qxd4 18.
Qxg7 Nbd7 19. Rd1 Qf4+ 20. Kb1 Qxf5 21. Rdd6 Rhg8 22. Qf7 Rxg2 23. Rxc6+ bxc6 24. Rxc6+ Kb7 25. Qc4 Qxc2+ 0-1

[Event "***Titled Tuesday 3|2 Blitz"]
[Site "Chess.com"]
[Date "2017.02.07"]
[Round "6"]
[White "ChessMavenYeti"]
[Black "SergeiAza"]
[Result "0-1"]
[WhiteElo "2178"]
[BlackElo "2510"]
[TimeControl "180+2"]
[EndTime "14:22:18 PST"]
[Termination "SergeiAza won by resignation"]

1. Nf3 Nf6 2. g3 b6 3. Bg2 Bb7 4.
O-O c5 5. d3 g6 6. e4 Bg7 7. Nbd2 d6 8. c3 Nbd7 9. Re1 Rc8 10. d4 cxd4 11. cxd4 O-O 12. Qa4 a6 13. a3 b5 14. Qb3 Nb6 15. h3 Qc7 16. Qe3 Qc2 17.
Bf1 Nc4 18. Nxc4 bxc4 19. Nd2 c3 20. b4 cxd2 21. Bxd2 Nxe4 22. Bc1 Rc3 23. Qf4 Bxd4 24. Bg2 Bxf2+ 25. Kh1 0-1

[Event "***Titled Tuesday 3|2 Blitz"]
[Site "Chess.com"]
[Date "2017.02.07"]
[Round "6"]
[White "gumersindo"]
[Black "AllStarShark"]
[Result "1/2-1/2"]
[WhiteElo "2337"]
[BlackElo "2252"]
[TimeControl "180+2"]
[EndTime "14:23:10 PST"]
[Termination "Game drawn by agreement"]

1. d4 d5 2. c4 dxc4 3. Nf3 Nf6 4.
e3 Bg4 5. Bxc4 e6 6. Nc3 Nc6 7. h3 Bh5 8. Bb5 Bd6 9. O-O O-O 10. Bxc6 bxc6 11. e4 Bb4 12. Bg5 Be7 13. Rc1 Bxf3 14. gxf3 Nh5 15. Bxe7 Qxe7 16. Ne2 Qh4 17. Kh2 Nf4 18.
Nxf4 Qxf4+ 19. Kg2 f5 20. e5 Rad8 21. Rxc6 Rxd4 22.
Qb3 Qg5+ 23. Kh2 Qf4+ 24. Kh1 Kh8 25. Rxe6 Qh4 26. Kg2 Qg5+ 27. Kh2 Qf4+ 28. Kg2 Qg5+ 29. Kh2 Qf4+ 30. Kg2 1/2-1/2

[Event "***Titled Tuesday 3|2 Blitz"]
[Site "Chess.com"]
[Date "2017.02.07"]
[Round "6"]
[White "scenicregal"]
[Black "Robin-Side"]
[Result "0-1"]
[WhiteElo "1843"]
[BlackElo "2367"]
[TimeControl "180+2"]
[EndTime "14:23:15 PST"]
[Termination "Robin-Side won by resignation"]

1. e4 g6 2. f4 Bg7 3. Nf3 e6 4.
Nc3 Ne7 5. d4 d5 6. Bd3 O-O 7. O-O c5 8. dxc5 Nd7 9. b4 Bxc3 10. Rb1 Bg7 11. f5 dxe4 12. fxg6 exd3 13. gxh7+ Kh8 14. Ng5 Ne5 15. Bb2 N7g6 16. Qh5 f6 17.
Ne4 dxc2 18. Rbc1 Qd3 19. Rce1 Bd7 20. Nxf6 Rxf6 0-1

[Event "***Titled Tuesday 3|2 Blitz"]
[Site "Chess.com"]
[Date "2017.02.07"]
[Round "6"]
[White "Astaneh"]
[Black "PelinGorki"]
[Result "0-1"]
[WhiteElo "2489"]
[BlackElo "2389"]
[TimeControl "180+2"]
[EndTime "14:23:28 PST"]
[Termination "PelinGorki won by resignation"]

1. e4 d6 2. Nf3 Nf6 3. Nc3 c6 4. d4 Bg4 5. Be2 e6 6. O-O d5 7. exd5 cxd5 8. h3 Bxf3 9. Bxf3 Nc6 10.
Ne2 Be7 11. c3 O-O 12. Nf4 Rc8 13. Re1 b5 14. a3 a5 15. Qe2 b4 16. axb4 axb4 17. Ra6 Nb8 18. Ra7 Bd6 19. cxb4 Qb6 20. Ra8 Rxc1 21. Rxc1 Bxf4 22. Rc5 Qxb4 23. g3 Bd6 24.
Rb5 Qxd4 25. Kg2 e5 26. b3 e4 27. Bg4 Nc6 28. Ra6 Qc3 29. Qf1 Be5 30. Rb7 Nxg4 31. hxg4 Qf3+ 32. Kg1 Nd4 33. Ra2 Qxg4 0-1

[Event "***Titled Tuesday 3|2 Blitz"]
[Site "Chess.com"]
[Date "2017.02.07"]
[Round "6"]
[White "stefanodinn"]
[Black "Mornar1951"]
[Result "0-1"]
[WhiteElo "2230"]
[BlackElo "2559"]
[TimeControl "180+2"]
[EndTime "14:23:30 PST"]
[Termination "Mornar1951 won on time"]

1. e4 d5 2. exd5 Nf6 3. Bb5+ Nbd7 4. c4 a6 5. Ba4 b5 6. cxb5 Nxd5 7. Nc3 Nf4 8. d4 Nxg2+ 9. Kf1 Nh4 10. Bg5 Bb7 11.
d5 Ng6 12. Nf3 f6 13. Be3 Kf7 14. Nd4 Nb6 15. Ne6 Qd6 16. Bc5 Qe5 17. Bxb6 cxb6 18. Bb3 Qd6 19. Rg1 axb5 20. Qf3 Ne5 21.
Qh5+ g6 22. Qh3 b4 23. Ne4 Qd7 24. N4g5+ fxg5 25. d6 Qb5+ 26. Ke1 Nf3+ 27. Kd1 Qd3+ 0-1

[Event "***Titled Tuesday 3|2 Blitz"]
[Site "Chess.com"]
[Date "2017.02.07"]
[Round "6"]
[White "Alliswell998"]
[Black "Wolverine_master"]
[Result "1-0"]
[WhiteElo "2141"]
[BlackElo "1975"]
[TimeControl "180+2"]
[EndTime "14:23:34 PST"]
[Termination "Alliswell998 won by checkmate"]

1. e4 d5 2. exd5 Qxd5 3. Nc3 Qd6 4. d4 Nf6 5. Nge2 Bg4 6. f3 Bf5 7. Bf4 Qb6 8. Ng3 Bg6 9. Qd2 e6 10. h4 h6 11. Bd3 Bxd3 12. Qxd3 c6 13. O-O-O Nbd7 14. Nge4 Nxe4 15. fxe4 O-O-O 16. Qf3 Bb4 17. a3 Bxc3 18. Qxc3 Nf6 19. Rhe1 Qb5 20. Be5 Ng4 21.
Bxg7 Rhg8 22. Be5 Nxe5 23. dxe5 Rxd1+ 24. Rxd1 Rxg2 25. Qd4 Kc7 26. Qd8# 1-0

[Event "***Titled Tuesday 3|2 Blitz"]
[Site "Chess.com"]
[Date "2017.02.07"]
[Round "6"]
[White "Daniela_Movileanu"]
[Black "twitchTriniCupid"]
[Result "1-0"]
[WhiteElo "2084"]
[BlackElo "2121"]
[TimeControl "180+2"]
[EndTime "14:23:37 PST"]
[Termination "Daniela_Movileanu won by resignation"]

1. e4 c6 2. d4 d5 3. Nd2 dxe4 4. Nxe4 Bf5 5. Ng3 Bg6 6. Nf3 Nd7 7. h4 h6 8. h5 Bh7 9. Bd3 Bxd3 10. Qxd3 e6 11.
Bd2 Ngf6 12. O-O-O Be7 13. Qe2 O-O 14. Kb1 a5 15.
Ne4 Nxe4 16. Qxe4 Nf6 17. Qe2 Qd5 18. g4 Ne4 19. Be3 Qb5 20. Qxb5 cxb5 21. Ne5 Rfd8 22. f3 Nd6 23. Rd3 Nc4 24. Bf4 Rd5 25. Rhd1 Rad8 26. Kc1 Bg5 27. Bxg5 hxg5 28. b3 Nxe5 29. dxe5 Rxd3 30.
Rxd3 Rxd3 31. cxd3 Kf8 32. Kd2 Ke7 33. Ke3 Kd7 34.
f4 f6 35. exf6 gxf6 36. fxg5 fxg5 37. Ke4 Kd6 38. h6 1-0

[Event "***Titled Tuesday 3|2 Blitz"]
[Site "Chess.com"]
[Date "2017.02.07"]
[Round "6"]
[White "WanderingPuppet"]
[Black "MateusViageiro"]
[Result "1/2-1/2"]
[WhiteElo "2332"]
[BlackElo "2423"]
[TimeControl "180+2"]
[EndTime "14:23:42 PST"]
[Termination "Game drawn by repetition"]

1. e4 c5 2. Nf3 d6 3. Bb5+ Nd7 4.
d4 cxd4 5. Qxd4 Nf6 6. O-O a6 7. Bxd7+ Bxd7 8. c4 Bc6 9. Nc3 e6 10. Bg5 Be7 11. Rad1 Rc8 12. Rfe1 O-O 13. Bxf6 Bxf6 14. Qxd6 Bxc3 15. bxc3 Qa5 16. Nd4 Qxa2 17. Nxc6 Rxc6 18. Qb4 Qxc4 19. Qxb7 Qxc3 20. h3 a5 21. Re3 Qc2 22. Red3 g6 23. R1d2 Qc1+ 24. Kh2 a4 25. Rd8 Qc4 26.
Rxf8+ Kxf8 27. f3 Kg7 28. Rd7 e5 29. Rxf7+ Qxf7 30. Qxc6 a3 31. Qa6 a2 32. Kh1 Qc7 33. Qxa2 Qc1+ 34. Kh2 Qf4+ 35. Kh1 Qc1+ 36. Kh2 Qf4+ 37.
Kh1 Qc1+ 1/2-1/2

[Event "***Titled Tuesday 3|2 Blitz"]
[Site "Chess.com"]
[Date "2017.02.07"]
[Round "6"]
[White "aa175"]
[Black "EmeseBalogh"]
[Result "1-0"]
[WhiteElo "1919"]
[BlackElo "1985"]
[TimeControl "180+2"]
[EndTime "14:23:51 PST"]
[Termination "aa175 won by resignation"]

1. e4 d5 2. exd5 Qxd5 3. Nc3 Qd6 4. Nf3 c6 5. d4 Nf6 6. Bg5 Bf5 7. Bc4 Nbd7 8. O-O e6 9. Re1 Be7 10. Qe2 O-O 11. Rad1 h6 12. Bh4 Rad8 13. a3 Qc7 14. Bg3 Bd6 15. Ne5 a6 16. b4 a5 17. Rb1 Nd5 18.
Qf3 Bxc2 19. Rbc1 Bh7 20. Bxd5 exd5 21. Nb5 Qb8 22. Nxd6 Qxd6 23. Nxc6 Qg6 24. Ne7+ 1-0

[Event "***Titled Tuesday 3|2 Blitz"]
[Site "Chess.com"]
[Date "2017.02.07"]
[Round "6"]
[White "chorejason"]
[Black "pedroholly22"]
[Result "0-1"]
[WhiteElo "2027"]
[BlackElo "2287"]
[TimeControl "180+2"]
[EndTime "14:23:52 PST"]
[Termination "pedroholly22 won by resignation"]

1. e4 e6 2. d4 d5 3. Nd2 Nc6 4.
Ngf3 Nf6 5. e5 Nd7 6. c3 f6 7.
exf6 Nxf6 8. Bd3 Bd6 9. O-O O-O 10. Qc2 e5 11. dxe5 Nxe5 12. Nxe5 Bxe5 13. Nf3 Bd6 14. Bg5 h6 15. Bh4 c6 16. Nd4 Bxh2+ 17. Kxh2 Ng4+ 18.
Kg3 g5 19. Bh7+ Kh8 20. Nf5 gxh4+ 21. Kxg4 Qg5+ 22. Kh3 Rxf5 23. Kh2 Kxh7 24. g4 Qf4+ 25. Kh1 Qxg4 26. Rae1 Qh3+ 27. Kg1 Bd7 28. Re7+ Kh8 29. f4 Rg8+ 30. Kf2 Rxf4+ 31. Ke2 Qxf1+ 0-1